PL
LAS VEGAS FLAMINGOS @ D.C. DIVIDED
04/24/2034
 
TOP OF THE 1ST
Las Vegas Flamingos batting - Pitching for D.C. Divided : RHP John Hottinger
Pitching: RHP John Hottinger
Batting: RHB Ellis Greenham 0-0: Called Strike
0-1: Called Strike
0-2: Fly out, F5 (Popup, 56)
Batting: LHB Ruud van Ineveld 0-0: Ball
1-0: Called Strike
1-1: Fly out, F4 (Popup, 4MD)
Batting: RHB Baldomero Avino 0-0: SINGLE (Line Drive, 78M)
Batting: LHB Victor Adams 0-0: Ball
1-0: Called Strike
1-1: Ball
2-1: SINGLE (Groundball, 34D)
Baldomero Avino to second
Runner from 2nd tries for 3rd, SAFE, throw made to third
Batting: RHB Sake van Arem 0-0: Fly out, F7 (Flyball, 7)
Top of the 1st over - 0 runs, 2 hits, 0 errors, 2 left on base; Las Vegas 0 - D.C. 0
BOTTOM OF THE 1ST
D.C. Divided batting - Pitching for Las Vegas Flamingos : RHP Sy-ing Tah
Pitching: RHP Sy-ing Tah
Batting: RHB Arturo Rodríguez 0-0: Ball
1-0: Called Strike
1-1: Foul Ball, location: 2F
1-2: Ball
2-2: Ball
3-2: SINGLE (Flyball, 89S)
Batting: RHB Sherman N'Dir 0-0: Ball
1-0: Foul Ball, location: 2F
1-1: Swinging Strike
1-2: Fly out, F5 (Popup, 5SF)
Batting: RHB Wilbur Davis 0-0: Ball
1-0: Ball
2-0: Ball
3-0: Base on Balls
Arturo Rodríguez to second
Batting: LHB Obidiah Lewis 0-0: Ball
1-0: Foul Ball, location: 2F
1-1: Ball
2-1: Ball
3-1: Base on Balls
Arturo Rodríguez to third
Wilbur Davis to second
Batting: RHB Daryl Yandell 0-0: Fly out, F8 (Flyball, 8RS)
Runner from 3rd tags up, SCORES, no throw
Batting: RHB Tony Romero 0-0: Ball
1-0: Ball
2-0: Fielders Choice at 2nd, U6 (Groundball, 6M)
Bottom of the 1st over - 1 run, 1 hit, 0 errors, 2 left on base; Las Vegas 0 - D.C. 1
TOP OF THE 2ND
Las Vegas Flamingos batting - Pitching for D.C. Divided : RHP John Hottinger
Batting: RHB Xavier Hernández 0-0: Ball
1-0: Foul Ball, location: 2F
1-1: Ground out 5-3 (Groundball, 56S)
Batting: RHB Christian Turner 0-0: Called Strike
0-1: SOLO HOME RUN (Flyball, 78XD), Distance : 414 ft
Batting: SHB Glyn Bolasky 0-0: Swinging Strike
0-1: Ball
1-1: Ball
2-1: Ground out 4-3 (Groundball, 4)
Batting: RHB Jeff Young 0-0: Ball
1-0: Foul Ball, location: 2F
1-1: Foul Ball, location: 2F
1-2: Strikes out swinging
Top of the 2nd over - 1 run, 1 hit, 0 errors, 0 left on base; Las Vegas 1 - D.C. 1
BOTTOM OF THE 2ND
D.C. Divided batting - Pitching for Las Vegas Flamingos : RHP Sy-ing Tah
Batting: RHB Júlio Rodríguez 0-0: Ground out 1-3 (Groundball, 15S)
Batting: RHB Amon-Ra St. Brown 0-0: Ball
1-0: Called Strike
1-1: Ball
2-1: Called Strike
2-2: Ball
3-2: Fly out, F9 (Flyball, 89M)
Batting: LHB Ryan Marken 0-0: Swinging Strike
0-1: Ball
1-1: Swinging Strike
1-2: Strikes out looking
Bottom of the 2nd over - 0 runs, 0 hits, 0 errors, 0 left on base; Las Vegas 1 - D.C. 1
TOP OF THE 3RD
Las Vegas Flamingos batting - Pitching for D.C. Divided : RHP John Hottinger
Batting: RHB Ellis Greenham 0-0: Called Strike
0-1: Swinging Strike
0-2: Foul Ball, location: 2F
0-2: Foul Ball, location: 2F
0-2: Ground out 4-3 (Groundball, 4)
Batting: LHB Ruud van Ineveld 0-0: Swinging Strike
0-1: Foul Ball, location: 2F
0-2: Fly out, F8 (Flyball, 8LS)
Batting: RHB Baldomero Avino 0-0: SINGLE (Groundball, 56D)
Batting: LHB Victor Adams 0-0: Ball
1-0: Ball
2-0: Called Strike
2-1: Ball
3-1: Foul Ball, location: 2F
3-2: Foul Ball, location: 2F
3-2: Base on Balls
Baldomero Avino to second
Batting: RHB Sake van Arem 0-0: Swinging Strike
0-1: Ball
1-1: Foul Ball, location: 2F
1-2: Strikes out looking
Top of the 3rd over - 0 runs, 1 hit, 0 errors, 2 left on base; Las Vegas 1 - D.C. 1
BOTTOM OF THE 3RD
D.C. Divided batting - Pitching for Las Vegas Flamingos : RHP Sy-ing Tah
Batting: RHB Arturo Rodríguez 0-0: Ball
1-0: Ball
2-0: Ball
3-0: Base on Balls
Batting: RHB Sherman N'Dir 0-0: Fly out, F7 (Line Drive, 7S)
Batting: RHB Wilbur Davis 0-0: Called Strike
0-1: Ball
1-1: Ball
2-1: Fly out, F7 (Flyball, 7)
Batting: LHB Obidiah Lewis 0-0: Called Strike
0-1: Swinging Strike
0-2: Foul Ball, location: 2F
0-2: SINGLE (Line Drive, 34)
Arturo Rodríguez to second
Runner from 2nd tries for 3rd, SAFE, throw made to third
Batting: RHB Daryl Yandell 0-0: Fielders Choice at 2nd, 6-4 (Groundball, 6)
Bottom of the 3rd over - 0 runs, 1 hit, 0 errors, 2 left on base; Las Vegas 1 - D.C. 1
TOP OF THE 4TH
Las Vegas Flamingos batting - Pitching for D.C. Divided : RHP John Hottinger
Batting: RHB Xavier Hernández 0-0: Ball
1-0: Foul Ball, location: 2F
1-1: Ball
2-1: SINGLE (Flyball, 7S)
Batting: RHB Christian Turner 0-0: Ball
1-0: Grounds into double play, 6-4-3 (Groundball, 56)
Batting: SHB Glyn Bolasky 0-0: Called Strike
0-1: Ball
1-1: SINGLE (Groundball, 34D)
Batting: RHB Jeff Young 0-0: Called Strike
0-1: Called Strike
0-2: Ball
1-2: Ground out 5-3 (Groundball, 56S)
Top of the 4th over - 0 runs, 2 hits, 0 errors, 1 left on base; Las Vegas 1 - D.C. 1
BOTTOM OF THE 4TH
D.C. Divided batting - Pitching for Las Vegas Flamingos : RHP Sy-ing Tah
Batting: RHB Tony Romero 0-0: Foul Ball, location: 2F
0-1: Foul Ball, location: 2F
0-2: Fly out, F3 (Popup, 3F)
Batting: RHB Júlio Rodríguez 0-0: Ball
1-0: Ball
2-0: Ball
3-0: Base on Balls
Batting: RHB Amon-Ra St. Brown 0-0: Ball
1-0: Fly out, F8 (Flyball, 8RXD)
Batting: LHB Ryan Marken 0-0: Ball
1-0: Ball
2-0: SINGLE (Line Drive, 9S)
Júlio Rodríguez to second
Runner from 2nd tries for 3rd, SAFE, no throw
Batting: RHB Arturo Rodríguez 0-0: Called Strike
0-1: Ball
1-1: Ball
2-1: Foul Ball, location: 2F
2-2: Ground out 5-3 (Groundball, 56S)
Bottom of the 4th over - 0 runs, 1 hit, 0 errors, 2 left on base; Las Vegas 1 - D.C. 1
TOP OF THE 5TH
Las Vegas Flamingos batting - Pitching for D.C. Divided : RHP John Hottinger
Pitching: RHP Ángel Ruíz
Batting: RHB Ellis Greenham 0-0: Called Strike
0-1: Ground out 6-3 (Groundball, 6)
Batting: LHB Ruud van Ineveld 0-0: Ball
1-0: DOUBLE (Line Drive, 89D)
Batting: RHB Baldomero Avino 0-0: Ball
1-0: Called Strike
1-1: 2-RUN HOME RUN (Flyball, 7D), Distance : 381 ft
Batting: LHB Victor Adams 0-0: Called Strike
0-1: Fly out, F8 (Flyball, 8LD)
Batting: RHB Sake van Arem 0-0: Ground out 5-3 (Groundball, 56S)
Top of the 5th over - 2 runs, 2 hits, 0 errors, 0 left on base; Las Vegas 3 - D.C. 1
BOTTOM OF THE 5TH
D.C. Divided batting - Pitching for Las Vegas Flamingos : RHP Sy-ing Tah
Pitching: RHP George Frazier
Batting: RHB Sherman N'Dir 0-0: Ball
1-0: Called Strike
1-1: Swinging Strike
1-2: SOLO HOME RUN (Flyball, 7D), Distance : 387 ft
Batting: RHB Wilbur Davis 0-0: Ball
1-0: Foul Ball, location: 2F
1-1: Ball
2-1: Ball
3-1: Ground out 6-3 (Groundball, 6)
Batting: LHB Obidiah Lewis 0-0: Ground out 5-3 (Groundball, 56)
Batting: RHB Daryl Yandell 0-0: Ball
1-0: Ball
2-0: Called Strike
2-1: Foul Ball, location: 2F
2-2: Ball
3-2: Foul Ball, location: 2F
3-2: SINGLE (Flyball, 7LS)
Batting: RHB Tony Romero 0-0: Ball
1-0: Called Strike
1-1: SINGLE (Flyball, 9LM)
Daryl Yandell to second
Batting: RHB Júlio Rodríguez 0-0: Called Strike
0-1: Called Strike
0-2: Ball
1-2: Fielders Choice at 2nd, 6-4 (Groundball, 6)
Bottom of the 5th over - 1 run, 3 hits, 0 errors, 2 left on base; Las Vegas 3 - D.C. 2
TOP OF THE 6TH
Las Vegas Flamingos batting - Pitching for D.C. Divided : RHP Ángel Ruíz
Pitching: RHP Arie de Nooyer
Batting: RHB Xavier Hernández 0-0: Ball
1-0: Swinging Strike
1-1: Foul Ball, location: 2F
1-2: Strikes out swinging
Batting: RHB Christian Turner 0-0: Ball
1-0: Fly out, F7 (Flyball, 7S)
Batting: SHB Glyn Bolasky 0-0: Foul Ball, location: 2F
0-1: Foul Ball, location: 2F
0-2: Strikes out looking
Top of the 6th over - 0 runs, 0 hits, 0 errors, 0 left on base; Las Vegas 3 - D.C. 2
BOTTOM OF THE 6TH
D.C. Divided batting - Pitching for Las Vegas Flamingos : RHP George Frazier
Batting: RHB Amon-Ra St. Brown 0-0: Called Strike
0-1: Ball
1-1: Ball
2-1: Foul Ball, location: 2F
2-2: Ball
3-2: Fly out, F2 (Popup, 25F)
Batting: LHB Ryan Marken 0-0: Ball
1-0: Called Strike
1-1: Called Strike
1-2: Ball
2-2: Foul Ball, location: 2F
2-2: Ball
3-2: Foul Ball, location: 2F
3-2: Base on Balls
Batting: RHB Arturo Rodríguez 0-0: Foul Ball, location: 2F
0-1: Ball
1-1: Swinging Strike
1-2: Strikes out swinging
Pinch Hitting: RHB José Torres 0-0: Ball
1-0: Ball
2-0: Called Strike
2-1: Fly out, F7 (Flyball, 7LM)
Bottom of the 6th over - 0 runs, 0 hits, 0 errors, 1 left on base; Las Vegas 3 - D.C. 2
TOP OF THE 7TH
Las Vegas Flamingos batting - Pitching for D.C. Divided : RHP Arie de Nooyer
Now at SS: José Torres
Batting: RHB Jeff Young 0-0: SINGLE (Groundball, 4MS) (infield hit)
Pinch Hitting: RHB Daniel Maldonado 0-0: Foul Ball, location: 2F
0-1: Ball
1-1: Sac Bunt - play at first, batter OUT! 3-4
Jeff Young to second
Pinch Hitting: RHB Shihei Kichikawa 0-0: Ball
1-0: Ground out 4-3 (Groundball, 4)
Jeff Young to third
Pinch Hitting: RHB Frank Grimes 0-0: Called Strike
0-1: Foul Ball, location: 2F
0-2: Ball
1-2: 2-RUN HOME RUN (Flyball, 7D), Distance : 396 ft
Pitching: RHP Trevor Brohard
Batting: RHB Jorge López 0-0: Ball
1-0: Foul Ball, location: 2F
1-1: Foul Ball, location: 2F
1-2: Fly out, F9 (Flyball, 9D)
Top of the 7th over - 2 runs, 2 hits, 0 errors, 0 left on base; Las Vegas 5 - D.C. 2
BOTTOM OF THE 7TH
D.C. Divided batting - Pitching for Las Vegas Flamingos : RHP George Frazier
Now at 1B: Adrian Rodgers
Now at SS: Shihei Kichikawa
Now in CF: Daniel Maldonado
Pinch Hitting: RHB Nick Boyd 0-0: Called Strike
0-1: Fly out, F9 (Flyball, 9LSF)
Pinch Hitting: RHB Ken Bone 0-0: Called Strike
0-1: Ball
1-1: Swinging Strike
1-2: Strikes out swinging
Batting: RHB Daryl Yandell 0-0: Called Strike
0-1: Ball
1-1: Foul Ball, location: 2F
1-2: Foul Ball, location: 2F
1-2: SINGLE (Groundball, 56D)
Pitching: RHP Marvin Martin
Batting: RHB Tony Romero 0-0: Fly out, F9 (Flyball, 9D)
Bottom of the 7th over - 0 runs, 1 hit, 0 errors, 1 left on base; Las Vegas 5 - D.C. 2
TOP OF THE 8TH
Las Vegas Flamingos batting - Pitching for D.C. Divided : RHP Trevor Brohard
Now at 1B: Ken Bone
Now in CF: Mike Lipide
Batting: RHB Sake van Arem 0-0: Called Strike
0-1: DOUBLE (Flyball, 78D)
Batting: RHB Xavier Hernández 0-0: Intentional Walk
Batting: RHB Christian Turner 0-0: Called Strike
0-1: Foul Ball, location: 2F
0-2: Ball
1-2: Strikes out swinging
Batting: SHB Glyn Bolasky 0-0: Called Strike
Throwing error on steal attempt, E2
Sake van Arem scores
Xavier Hernández to third
0-1: Ball
1-1: Intentional Walk
Batting: RHB Jeff Young 0-0: Ball
1-0: Called Strike
1-1: Called Strike
1-2: Ball
2-2: Foul Ball, location: 2F
2-2: SINGLE (Groundball, 6MS) (infield hit)
Xavier Hernández scores
Glyn Bolasky to second
Batting: RHB Daniel Maldonado 0-0: Foul Ball, location: 2F
0-1: Swinging Strike
0-2: Ball
1-2: Foul Ball, location: 2F
1-2: Strikes out swinging
Batting: RHB Shihei Kichikawa 0-0: Ball
1-0: Swinging Strike
1-1: Swinging Strike
1-2: Strikes out swinging passed ball, reaches first!
Glyn Bolasky to third
Jeff Young to second
Batting: RHB Adrian Rodgers 0-0: Called Strike
0-1: Ball
1-1: Called Strike
1-2: Strikes out looking
Top of the 8th over - 2 runs, 2 hits, 1 error, 3 left on base; Las Vegas 7 - D.C. 2
BOTTOM OF THE 8TH
D.C. Divided batting - Pitching for Las Vegas Flamingos : RHP Marvin Martin
Pinch Hitting: LHB Yao-pang Chiang 0-0: Foul Ball, location: 2F
0-1: Fly out, F6 (Popup, 6M)
Batting: RHB Chad Silander 0-0: Ball
1-0: Called Strike
1-1: Ball
2-1: Foul Ball, location: 2F
2-2: Strikes out swinging
Batting: LHB Ryan Marken 0-0: Ground out 3-1 (Groundball, 34)
Bottom of the 8th over - 0 runs, 0 hits, 0 errors, 0 left on base; Las Vegas 7 - D.C. 2
TOP OF THE 9TH
Las Vegas Flamingos batting - Pitching for D.C. Divided : RHP Trevor Brohard
Now in RF: Yao-pang Chiang
Batting: RHB Jorge López 0-0: Ball
1-0: Swinging Strike
1-1: Called Strike
1-2: Ball
2-2: Strikes out swinging
Batting: RHB Sake van Arem 0-0: Ball
1-0: Ball
2-0: Fly out, F9 (Flyball, 89M)
Batting: RHB Xavier Hernández 0-0: Ball
1-0: SINGLE (Line Drive, 56)
Batting: RHB Christian Turner 0-0: Foul Ball, location: 2F
0-1: Ball
1-1: Ball
2-1: Fielders Choice at 2nd, 6-4 (Groundball, 6)
Top of the 9th over - 0 runs, 1 hit, 0 errors, 1 left on base; Las Vegas 7 - D.C. 2
BOTTOM OF THE 9TH
D.C. Divided batting - Pitching for Las Vegas Flamingos : RHP Marvin Martin
Batting: RHB Arturo Rodríguez 0-0: Called Strike
0-1: Foul Ball, location: 2F
0-2: Ground out 6-3 (Groundball, 6)
Batting: RHB José Torres 0-0: Ball
1-0: Ball
2-0: Foul Ball, location: 2F
2-1: Fly out, F4 (Line Drive, 4)
Batting: RHB Mike Lipide 0-0: Called Strike
0-1: Swinging Strike
0-2: Strikes out swinging
Bottom of the 9th over - 0 runs, 0 hits, 0 errors, 0 left on base; Las Vegas 7 - D.C. 2
Friday, March 29th, 2019 - OOTP Baseball 18.8 Build 76